 Dungeon Crawl Stone Soup version 0.31-a0-949-g57150269e1 (webtiles) character file.

Game seed: 15580948777649793572

7121 Tithe the Thaumaturge (level 10, -15/67 HPs)
             Began as a Mummy Necromancer on Oct 21, 2023.
             Was a Follower of Kikubaaqudgha.
             Demolished by a two-headed ogre
             ... wielding a +0 glaive
              (22 damage)
             ... in a bailey.
             The game lasted 01:14:17 (11709 turns).

Tithe the Thaumaturge (Mummy Necromancer)          Turns: 11709, Time: 01:14:17

Health: -15/67     AC:  7    Str: 13    XL:     10   Next: 85%
Magic:  16/24      EV: 14    Int: 24    God:    Kikubaaqudgha [*.....]
Gold:   177        SH:  0    Dex: 12    Spells: 12/29 levels left

rFire   x . .        B - +2 dagger (venom)
rCold   + . .        (no shield)
rNeg    + + +        h - +1 robe {Will+}
rPois   ∞            z - +0 hat
rElec   .            E - +1 cloak {rCorr}
rCorr   +            r - +1 pair of gloves
SInv    .            (no boots)
Will    ++...        D - amulet of regeneration
Stlth   +++          C - +6 ring of intelligence
HPRegen 1.11/turn    (no ring)
MPRegen 0.19/turn

%: faith
@: about to teleport
A: cold resistance 1, negative energy resistance 3, torment resistance 2, heat
vulnerability 1, in touch with death 1, no potions, faith
a: Renounce Religion, Unearth Wretches


You were in a bailey.
You worshipped Kikubaaqudgha.
Kikubaaqudgha was aware of your devotion.
You visited 2 branches of the dungeon, and saw 11 of its levels.
You also visited: Bailey.

You collected 538 gold pieces.
You spent 361 gold pieces at shops.

Inventory:

Hand Weapons
 b - a +1 dagger
 f - a +0 club
 j - the +5 hand axe "Feimyps" {freeze, Contam Str+5 SInv}
   (You found it on level 4 of the Dungeon)

   Str+5:     It affects your strength (+5).
   SInv:      It lets you see invisible.
   Contam:    It causes magical contamination when unequipped.
 k - a +0 sling
 n - a +0 short sword
 A - a +1 dagger of draining
 B - a +2 dagger of venom (weapon)
 H - a +4 morningstar
 I - a +1 dagger of speed
Missiles
 c - 21 poisoned darts
 g - 2 throwing nets
 q - 2 silver javelins
 s - 52 stones
 G - 2 curare-tipped darts
Armour
 d - a +0 chain mail
 h - a +1 robe of willpower (worn)
 i - a +0 robe
 r - a +1 pair of gloves (worn)
 u - a +0 leather armour
 z - a +0 hat (worn)
 E - a +1 cloak of preservation (worn)
Magical Staves
 F - a staff of earth
Jewellery
 C - a +6 ring of intelligence (left hand)
 D - an amulet of regeneration (around neck)
Wands
 m - a wand of mindburst (10)
 x - a wand of iceblast (1)
Scrolls
 e - 7 scrolls of identify
 l - a scroll of amnesia {unknown}
 p - 5 scrolls of vulnerability
 t - 4 scrolls of noise
 v - 3 scrolls of fog
 w - 4 scrolls of poison


   Skills:
 - Level 2.0 Fighting
 - Level 2.0 Armour
 + Level 6.9 Dodging
 + Level 7.6 Stealth
 + Level 10.1 Spellcasting
 + Level 9.1 Necromancy
 - Level 2.0 Fire Magic


You had 12 spell levels left.
You knew the following spells:

 Your Spells              Type           Power      Damage    Failure   Level
a - Necrotise             Necr           100%       1d9       1%          1
b - Vampiric Draining     Necr           71%        2d11      1%          3
c - Foxfire               Conj/Fire      64%        2x1d7     3%          1
d - Animate Dead          Necr           71%        N/A       1%          4
e - Kiss of Death         Conj/Necr      100%       2d13      1%          1
f - Cigotuvi's Dreadful   Necr/Pois/Air  80%        N/A       2%          2
g - Agony                 Necr           71%        N/A       3%          5

Your spell library contained the following spells:

 Spells                   Type           Power      Damage    Failure   Level
 Tukima's Dance           Hex            12%        N/A       16%         3
 Dimensional Bullseye     Hex/Tloc       6%         N/A       45%         4
 Iskenderun's Mystic Bla  Conj/Tloc      12%        2d5       45%         4
 Vhi's Electric Charge    Tloc/Air       24%        N/A       45%         4
 Arcjolt                  Conj/Air       6%         1d16      82%         5
 Plasma Beam              Fire/Air       8%         2x1d18    99%         6
 Starburst                Conj/Fire      8%         6d4       99%         6
 Maxwell's Capacitive Co  Air            6%         ∞         100%        8


Dungeon Overview and Level Annotations

Branches:
Dungeon (10/15)            Temple (1/1) D:5            Lair (0/5) D:10
 Bailey (1/1)
    Orc: D:9-12

Altars:
Ashenzari
Cheibriados
Dithmenos
Fedhas
Gozag
Hepliaklqana
Kikubaaqudgha
Makhleb
Okawaru
Qazlal
Ru
Sif Muna
Trog
Uskayaw
Vehumet
Wu Jian
Xom

Shops:
D:4 *?   D:5 *=   D:7 *   D:9 (


Innate Abilities, Weirdness & Mutations

You are immune to poison.
Your flesh is cold resistant. (rC+)
You are immune to negative energy. (rN+++)
You are immune to unholy pain and torment.
You are vulnerable to heat. (rF-)
You are in touch with the powers of death.
You do not drink.
You have a special connection with the divine. (Faith)


Message History

The two-headed ogre is lightly wounded.
The foxfire hits the two-headed ogre.
The two-headed ogre is lightly wounded.
The two-headed ogre attacks as it pursues you!
The two-headed ogre hits you from afar with a +0 glaive!
The two-headed ogre barely misses you.
The spriggan hits you with a +0 trident.
The spriggan closely misses you.
Casting: Foxfire (safe; 3% risk of failure)
Confirm with . or Enter, or press ? or * to list all spells.
Aiming: Vampiric Draining (safe; 1% risk of failure)
Press: ? - help, Shift-Dir - straight line, f - spriggan
Aim: a spriggan, wielding a +0 spear (severely wounded)
You feel a surge of power!
You draw life force from the spriggan!
You kill the spriggan!
Kikubaaqudgha accepts your kill.
You feel life coursing into your body.
Your spriggan zombie misses the spriggan.
The spriggan hits you with a +0 trident!
The two-headed ogre hits you from afar with a +0 glaive!
* * * LOW HITPOINT WARNING * * *
The two-headed ogre hits you from afar with a +0 halberd!
* * * LOW HITPOINT WARNING * * *
Okay, then.
Unknown command.
Unknown command.
Okay, then.
Unknown command.
Okay, then.
Press: ? - help, v - describe, . - travel
Here: a two-headed ogre, wielding a +0 glaive and a +0 halberd (lightly wounded)
The floor.
Unknown command.
As you read the scroll of teleportation, it crumbles to dust.
You feel strangely unstable. The spriggan barely misses you.
Your spriggan zombie completely misses the spriggan.
The two-headed ogre attacks as it pursues you!
The two-headed ogre hits you from afar with a +0 glaive!!
You die...
Kikubaaqudgha rasps: "You have failed me!
Welcome... oblivion!"

#########
##.O.@.).##
###
##....iZ...#
##.##
##..#♣####♣..#
#...## ##..#♣
..# .....#
##..#♣ ..#
.....###..#♣
..#
..∩).~~~..# .#
.)...~)~..# #
.....~~~..#


You could see a two-headed ogre, a spriggan (ally target) and a friendly
spriggan zombie.

Vanquished Creatures
  A two-headed ogre (D:9)
  Pikel (D:7)
  An unseen horror (D:9)
  A troll (D:9)
  A hornet (D:9)
  3 spriggans (Bailey)
  11 yaks
  A wyvern (D:7)
  A steam dragon (D:9)
  3 water moccasins
  A sky beast (D:7)
  4 orc warriors
  An ice beast (D:7)
  2 black bears
  2 ogres
  A centaur (D:5)
  A lemure (D:7)
  A phantom (D:7)
  3 kobold brigands
  2 bullfrogs (D:8)
  A gnoll sergeant (D:9)
  4 scorpions
  2 wights (D:8)
  7 killer bees (D:7)
  2 howler monkeys
  5 orc priests
  A hound (D:5)
  2 jellies
  5 iguanas
  7 orc wizards
  A mummy (D:5)
  11 gnolls
  8 adders
  A white imp (D:5)
  A worm (D:2)
  2 dart slugs (D:1)
  13 orcs
  4 endoplasms
  3 giant cockroaches
  11 goblins
  3 hobgoblins
  9 jackals
  11 kobolds
  3 quokkas
  6 ball pythons
  3 bats
  2 frilled lizards (D:3)
  8 rats
178 creatures vanquished.

Vanquished Creatures (collateral kills)
  3 yaks
  A wraith (D:5)
  An ice beast (D:6)
  2 ogres (Bailey)
  Blork the orc (D:5)
  An orc wizard (D:9)
  An adder (D:6)
  9 orcs
  An endoplasm (D:3)
  A giant cockroach (D:2)
  2 frilled lizards
  3 kobolds (D:8)
26 creatures vanquished.

Vanquished Creatures (others)
  A two-headed ogre zombie (D:9)
  A hornet zombie (D:9)
  4 yak zombies
  A black bear zombie (D:8)
  2 ogre zombies (Bailey)
  A howler monkey zombie (D:8)
  5 gnoll zombies (D:9)
  A jelly zombie (D:8)
  16 orc zombies
  An orc (D:9)
  A hobgoblin (D:9)
  A jackal (D:9)
  2 goblin zombies (D:9)
  A hobgoblin zombie (D:9)
  A jackal zombie (D:9)
  9 kobold zombies
  114 foxfires
162 creatures vanquished.

Grand Total: 366 creatures vanquished

Notes
Turn   | Place    | Note
-------+----------+-------------------------------------------
     0 | D:1      | Tithe the Mummy Necromancer began the quest for the Orb.
     0 | D:1      | Reached XP level 1. HP: 13/13 MP: 4/4
   275 | D:1      | Reached XP level 2. HP: 19/19 MP: 1/5
   344 | D:1      | Reached skill level 3 in Spellcasting
   960 | D:1      | Reached XP level 3. HP: 24/24 MP: 5/7
  1715 | D:2      | Reached XP level 4. HP: 24/30 MP: 4/9
  2266 | D:3      | Noticed a scorpion
  2275 | D:3      | Killed a scorpion
  2305 | D:3      | Reached XP level 5. HP: 35/35 MP: 4/10
  2607 | D:3      | Reached skill level 4 in Spellcasting
  2858 | D:3      | Found a faded altar of an unknown god.
  2872 | D:3      | Learned a level 3 spell: Vampiric Draining
  2985 | D:4      | Found Gyiwyug's Magic Scroll Boutique.
  2993 | D:4      | Bought a scroll of identify for 24 gold pieces
  2993 | D:4      | Bought a scroll of identify for 24 gold pieces
  2993 | D:4      | Bought a scroll of identify for 24 gold pieces
  3003 | D:4      | Bought a scroll of noise for 12 gold pieces
  3003 | D:4      | Bought a scroll of fog for 48 gold pieces
  3003 | D:4      | Bought a scroll of poison for 48 gold pieces
  3146 | D:4      | Found Pueth's Neck Hole.
  3149 | D:4      | Identified the +5 hand axe "Feimyps" {freeze, Contam Str+5
                  | SInv}
  3210 | D:4      | Learned a level 1 spell: Foxfire
  3428 | D:4      | Found a shadowy altar of Dithmenos.
  3507 | D:4      | Noticed a phantom
  3527 | D:5      | Entered Level 5 of the Dungeon
  3672 | D:5      | Reached XP level 6. HP: 41/41 MP: 2/12
  3681 | D:5      | Reached skill level 5 in Necromancy
  3803 | D:5      | Found Wenyunep's Serpentskin Sales.
  3803 | D:5      | Noticed a water moccasin
  3803 | D:5      | Noticed a water moccasin
  3821 | D:5      | Killed a water moccasin
  3822 | D:5      | Reached skill level 1 in Fire Magic
  4096 | D:5      | Killed a water moccasin
  4206 | D:5      | Reached XP level 7. HP: 33/46 MP: 7/14
  4238 | D:5      | Reached skill level 5 in Spellcasting
  4765 | D:5      | Noticed Blork the orc
  4773 | D:5      | Noticed a wraith
  4776 | D:5      | Killed Blork the orc
  4777 | D:5      | Reached skill level 1 in Armour
  4880 | D:5      | Killed a wraith
  5295 | D:5      | Found a staircase to the Ecumenical Temple.
  5301 | Temple   | Entered the Ecumenical Temple
  5322 | Temple   | Became a worshipper of Kikubaaqudgha
  5389 | D:5      | Reached XP level 8. HP: 50/52 MP: 14/16
  5394 | D:5      | Learned a level 4 spell: Animate Dead
  5654 | D:5      | Found Joysm's One-of-a-Kind Rings.
  5710 | D:5      | Found a snail-covered altar of Cheibriados.
  6014 | D:6      | Reached skill level 1 in Fighting
  6043 | D:6      | Reached skill level 6 in Spellcasting
  6685 | D:7      | Reached * piety under Kikubaaqudgha
  6685 | D:7      | Received a gift from Kikubaaqudgha
  6688 | D:7      | Learned a level 1 spell: Kiss of Death
  6691 | D:7      | Learned a level 2 spell: Cigotuvi's Dreadful Rot
  7158 | D:7      | Reached skill level 5 in Stealth
  7290 | D:7      | Reached skill level 7 in Spellcasting
  7433 | D:7      | Reached XP level 9. HP: 61/61 MP: 14/19
  7536 | D:7      | Found Uwnedad's Assorted Antiques.
  7647 | D:7      | Reached skill level 5 in Dodging
  7749 | D:7      | Found a blossoming altar of Fedhas.
  8316 | D:4      | Bought a +1 cloak of preservation for 181 gold pieces
  8602 | D:8      | Noticed Pikel
  8633 | D:7      | Found a hide-covered altar of Uskayaw.
  8636 | D:7      | Killed Pikel
  8637 | D:7      | Reached skill level 8 in Spellcasting
  8862 | D:8      | Learned a level 5 spell: Agony
  9712 | D:9      | Reached XP level 10. HP: 47/67 MP: 5/22
  9859 | D:9      | Reached skill level 9 in Spellcasting
 11017 | D:9      | Found an opulent altar of Gozag.
 11172 | D:9      | Found Fituanai's Antique Weapon Shoppe.
 11577 | D:10     | Entered Level 10 of the Dungeon
 11578 | D:10     | Found a sacrificial altar of Ru.
 11593 | D:10     | Found a flagged portal.
 11602 | Bailey   | Entered a bailey
 11636 | Bailey   | Reached skill level 10 in Spellcasting
 11699 | Bailey   | Noticed a two-headed ogre
 11709 | Bailey   | Demolished by a two-headed ogre

Illustrated notes

Levels and vault maps discovered:
D:1:      amcnicky_arrival_flooded_fountain, layout_basic,
          amcnicky_mini_pool_small, minmay_misc_feat_enclosed,
          nicolae_eternal_life
D:2:      kennysheep_big_flooded_room, layout_basic, small_statue_intersection,
          minmay_between
D:3:      layout_rooms, shapermc_ecumenical_altar_starsandcircs,
          roderic_lattice_a
D:4:      layout_loops_cross, nicolae_dithmenos_through_a_glass_darkly,
          serial_shops, shop, kennysheep_path_1,
          nicolae_shop_sticking_my_neck_out
D:5:      nicolae_cairo_tiling_large, layout_loops_ring, zin_academy,
          slow_altar_1, minmay_temple_entry_mist, nicolae_shop_unique_rings,
          serial_bayou_lagoon_a, guppyfry_shop_venom, uniq_blork_the_orc
D:6:      layout_basic, serial_rivers, chequers_serial_rivers_micro_a,
          chequers_serial_rivers_micro_e, chequers_serial_rivers_room_a,
          chequers_serial_rivers_small_3, chequers_serial_rivers_micro_d
D:7:      layout_loops_ring, nicolae_overflow_hidden_temple,
          mainiacjoe_overflow_cross_hatched, serial_shops,
          nicolae_shop_tiny_real_fake_doors, corner_web_ring
D:8:      layout_loops_ring, chequers_decorated_corner,
          kennysheep_opposing_triangles, uniq_pikel
D:9:      minmay_spotlight, layout_stronghold, nicolae_gozag_seed_capital,
          kennysheep_orc_monster_closet_entryway, serial_shops, shop
D:10:     layout_big_octagon, mainiacjoe_overflow_six_doors_small,
          jmf_multi_god_temple2, hellmonk_lair_entry_icy,
          trove_entry_hex_spiral, enter_bailey_1
Temple:   nicolae_temple_hex_pool
Bailey:   bailey_polearm_enchanted_keep_hellmonk, bailey

Skill      XL: |  1  2  3  4  5  6  7  8  9 10 |
---------------+-------------------------------+-----
Spellcasting   | 3 4 5 7 8 10 | 10.1
Stealth        | 2 3 4 5 6 7 |  7.6
Dodging        | 2 3 4 5 6 |  6.9
Necromancy     | 5 6 7 9 |  9.1
Fire Magic     | 1 2 |  2.0
Armour         | 1 2 |  2.0
Fighting       | 2 |  2.0

Action                     |  1- 3 |  4- 6 |  7- 9 | 10-12 || total
---------------------------+-------+-------+-------+-------++-------
  Melee: Dagger            |    25 |     5 |    73 |    25 ||   128
         Punch             |       |       |     1 |     2 ||     3
   Cast: Necrotise         |    61 |    81 |   151 |    48 ||   341
         Foxfire           |       |       |    65 |    23 ||    88
         Vampiric Draining |       |       |    25 |    12 ||    37
         Animate Dead      |       |       |     8 |     5 ||    13
         Kiss of Death     |       |       |     1 |       ||     1
         Agony             |       |       |       |     4 ||     4
 Invoke: Unearth Wretches  |       |       |     3 |     3 ||     6
  Evoke: Wand              |       |       |     4 |     4 ||     8
    Use: Scroll            |       |    10 |     3 |     6 ||    19
   Stab: Sleeping          |     3 |     4 |    10 |     3 ||    20
         Paralysed         |       |       |     6 |     4 ||    10
 Armour: Robe              |    23 |     6 |   101 |    92 ||   222
         Leather armour    |       |    33 |    28 |       ||    61
  Dodge: Dodged            |    29 |    28 |   137 |    70 ||   264

Table legend: (Time is in decaauts)
 A = Elapsed time spent in this place.
 B = Non-inter-level travel time spent in this place.
 C = Inter-level travel time spent in this place.
 D = Time resting spent in this place.
 E = Time spent auto-exploring this place.
 F = Levels seen in this place.
 G = Mean time per level.
                   A        B        C        D        E       F      G
               +--------+--------+--------+--------+--------+-----+--------+
         Total |  11738 |  10977 |    761 |   2935 |   4534 |  12 |  978.2 |
       Dungeon |  11585 |  10864 |    721 |   2925 |   4534 |  10 | 1158.5 |
        Temple |     42 |      2 |     40 |      0 |      0 |   1 |   42.0 |
        Bailey |    110 |    110 |      0 |     10 |      0 |   1 |  110.0 |
               +--------+--------+--------+--------+--------+-----+--------+

Top non-repeatable levels by time:
     D:7: 1867 daAuts
     D:8: 1809 daAuts
     D:5: 1670 daAuts
     D:9: 1146 daAuts
     D:4: 1118 daAuts
     D:2: 1108 daAuts
     D:1: 1105 daAuts
     D:6: 936 daAuts
     D:3: 800 daAuts
  Bailey: 110 daAuts
  Temple: 42 daAuts
    D:10: 24 daAuts
